AoeStats
← Tarongil

Nomad

508511065Analyzed
4v4 RM · 8d ago on Sep 22, 2026· 38m 43s· 8 players
Game mode
Random Map
Map size
231×231
Population
200
Speed
Normal
Resources
Standard
Victory
Conquest
Starting age
Dark Age
Ending age
Imperial Age
RankedLock teamsTeams togetherTeam positionsShared explorationLock speedFull tech treeHidden civsTurbo modeCheats
Victory
Defeat
🇲🇽 Spanish · Mexico
1486
+9
🇨🇦 Varangians · Canada
1441
+10
🇨🇦 Saxons · Canada
1401
+12
🇺🇸 Danes · United States
1391
+12
🇸🇪 Japanese · Sweden
1348
-12
🇸🇪 Varangians · Sweden
1347
-12
🇸🇪 Danes · Sweden
1320
-11
🇬🇧 Vikings · United Kingdom
1238
-8
Im2Good4YoMoma
4:51 Loom
14:10 Feudal Age
14:48 Fishing Lines
15:20 Double-Bit Axe
21:10 Castle Age
21:17 Wheelbarrow
20:33 Gold Mining
22:16 Forging
22:11 Scale Barding Armor
22:38 Horse Collar
23:15 Bloodlines
23:08 Husbandry
26:06 Bow Saw
26:10 Vendel Legacy
28:55 Iron Casting
30:29 Chain Barding Armor
GOAT Gobz
4:06 Loom
16:06 Feudal Age
17:15 Double-Bit Axe
19:49 Castle Age
17:41 Fishing Lines
18:24 Fletching
21:00 Wheelbarrow
20:44 Medium Warships
21:04 Bow Saw
21:43 Bodkin Arrow
21:48 Gold Mining
23:02 Careening
23:44 Ballistics
24:00 Gillnets
26:04 Hand Cart
27:00 Padded Archer Armor
27:31 Guard Tower
31:13 Murder Holes
33:05 Stone Mining
33:50 Gold Shaft Mining
37:17 Imperial Age
36:41 Leather Archer Armor
36:26 Scale Mail Armor
36:37 Forging
36:43 Treadmill Crane
39:14 Conscription
39:16 Bracer
The Lord Daniel
10:17 Loom
13:36 Feudal Age
17:53 Castle Age
19:32 Medium Warships
20:05 Double-Bit Axe
21:43 Fishing Lines
22:29 Gillnets
23:06 Bow Saw
25:25 Horse Collar
27:35 Wheelbarrow
28:43 Hand Cart
28:16 Town Watch
29:57 Padded Archer Armor
33:35 Imperial Age
31:50 Padded Archer Armor
33:02 Leather Archer Armor
32:59 Bloodlines
33:41 Husbandry
34:48 Conscription
34:56 Conscription
34:21 Elite Conquistador
37:27 Ring Archer Armor
Morningstar
5:37 Loom
15:23 Feudal Age
15:57 Double-Bit Axe
16:13 Town Watch
17:06 Fletching
19:24 Wheelbarrow
18:45 Gold Mining
23:39 Castle Age
21:33 Fishing Lines
21:58 Stone Mining
24:21 Forging
24:11 Scale Mail Armor
24:30 Bow Saw
24:50 Gillnets
24:26 Man-at-Arms
24:51 Gambesons
25:07 Squires
27:15 Squires
28:16 Scale Mail Armor
30:59 Bodkin Arrow
37:37 Hand Cart
38:05 Hand Cart
Tarongil
4:39 Loom
13:54 Feudal Age
18:08 Castle Age
16:12 Double-Bit Axe
17:01 Stone Mining
17:54 Gold Mining
19:01 Fletching
19:23 Forging
26:18 Bow Saw
29:34 Wheelbarrow
28:59 Horse Collar
32:48 Scale Barding Armor
33:53 Heavy Plow
35:28 Chain Barding Armor
35:23 Husbandry
35:35 Bloodlines
36:52 Husbandry
tommybee
3:52 Loom
12:56 Feudal Age
20:41 Castle Age
22:33 Forging
22:23 Scale Mail Armor
26:36 Iron Casting
26:16 Chain Mail Armor
28:09 Double-Bit Axe
28:48 Arson
29:20 Chain Mail Armor
30:30 Squires
31:37 Fletching
32:26 Chieftains
Bacarah
13:20 Feudal Age
17:38 Castle Age
18:35 Double-Bit Axe
20:11 Bow Saw
22:41 Horse Collar
25:36 Wheelbarrow
24:47 Loom
28:44 Gold Mining
29:35 Fletching
30:26 Bodkin Arrow
31:48 Guard Tower
32:53 Ballistics
hillpwn
5:18 Loom
15:28 Feudal Age
19:20 Castle Age
21:20 Fletching
21:13 Horse Collar
26:03 Bodkin Arrow
27:36 Heavy Plow
27:27 Gold Mining
34:29 Forging
36:00 Wheelbarrow
Connection lost

Rejoining the realm…

Still unreachable

The connection could not be restored.

Session expired

The server has moved on; the page needs a fresh start.